 Dungeon Crawl Stone Soup version 0.31.0-32-g396128a36d (console) character file.

Game seed: 17411905430580896910

79 utis the Twirler (level 3, -1/29 HPs)
             Began as a Demigod Gladiator on Mar 31, 2024.
             Slain by a gnoll
             ... wielding a +0 halberd
             ... led by a gnoll bouda
              (8 damage)
             ... on level 3 of the Dungeon.
             The game lasted 00:05:43 (2150 turns).

utis the Twirler (Demigod Gladiator)                Turns: 2150, Time: 00:05:44

Health: -1/29      AC:  9    Str: 19    XL:     3   Next: 97%
Magic:  5/5        EV: 10    Int: 10    God:
Gold:   211        SH:  0    Dex: 15    Spells: 2/2 levels left

rFire   + . .        a - +1 quarterstaff
rCold   . . .        (shield currently unavailable)
rNeg    . . .        h - +0 scale mail {rF+}
rPois   .            c - +0 helmet
rElec   .            (no cloak)
rCorr   .            s - +1 pair of gloves
SInv    .            (no boots)
Will    .....        (no amulet) Stlth
                     (no ring)
HPRegen 0.24/turn    (no ring)
MPRegen 0.09/turn

%: no passive effects
@: no status effects
A: high MP 1, forlorn, divine attributes
a: no special abilities


You were on level 3 of the Dungeon.
You visited 1 branch of the dungeon, and saw 3 of its levels.

You collected 211 gold pieces.

Inventory:

Hand Weapons
 a - a +1 quarterstaff (weapon)
 u - a +2 short sword of venom
Missiles
 d - 3 throwing nets (quivered)
 e - 7 javelins
 f - 6 poisoned darts
 k - 8 stones
Armour
 b - a +0 leather armour
 c - a +0 helmet (worn)
 h - a +0 scale mail of fire resistance (worn)
 i - an orb of light
 s - a +1 pair of gloves (worn)
Jewellery
 l - a ring of flight
Scrolls
 j - a scroll of teleportation {@r1}
Potions
 g - a potion of heal wounds {@q2}
 n - 2 potions of curing {@q1}
 q - a potion of might
 v - a potion of enlightenment {unknown}


   Skills:
 - Level 1.7 Fighting
 + Level 4.6 Staves
 - Level 1.7 Throwing
 - Level 2.6 Dodging


You had 2 spell levels left.
You didn't know any spells.
Your spell library contained the following spells:

 Spells                   Type           Power      Damage    Failure   Level
 Necrotise                Necr           0%         1d4       77%         1
 Vampiric Draining        Necr           0%         2d6       98%         3
 Martyr's Knell           Necr/Summ      0%         N/A       100%        4
 Curse of Agony           Necr           0%         N/A       100%        5
 Iskenderun's Battlesphe  Conj           0%         2d6       100%        5
 Bombard                  Conj/Erth      0%         9d1       100%        6
 Spellforged Servitor     Conj/Summ      0%         N/A       100%        7


Dungeon Overview and Level Annotations

Branches:
Dungeon (3/15)


Innate Abilities, Weirdness & Mutations

You have an increased reservoir of magic. (+10% MP)
You shall have no god before yourself.
Your divine heritage dramatically boosts your attributes as you level up.


Message History

The gnoll blinks! x2; The quokka blinks! x2; You blink.
The gnoll blinks!
There is a stone staircase leading up here.
The gnoll enters a dispersal trap!
The quokka blinks! x2; The gnoll blinks!
You blink.
You stop ascending the stairs.
The gnoll blinks!
The gnoll enters a dispersal trap!
You blink.
A scorpion comes into view.
The gnoll blinks!
You see here a +0 spear.
The gnoll hits you from afar with a +0 halberd!
The gnoll hits you from afar with a +0 spear.
The gnoll closely misses you.
The quokka twitches its whiskers.
The gnoll hits you from afar with a +0 spear.
The gnoll barely misses you. The gnoll barely misses you.
The gnoll hits you from afar with a +0 spear.
The gnoll hits you but does no damage.
There is a stone staircase leading up here.
The gnoll misses you.
The scorpion enters a dispersal trap!
The gnoll blinks! x2
The quokka blinks!
The gnoll blinks! x2; The quokka blinks!
You blink.
You stop ascending the stairs.
The scorpion blinks!
The gnoll attacks as it pursues you! The gnoll hits you but does no damage.
The gnoll enters a dispersal trap!
The scorpion blinks!
The gnoll blinks!
The scorpion blinks!
The quokka blinks!
The gnoll blinks!
You blink.
The gnoll blinks!
The gnoll attacks as it pursues you!
The gnoll hits you from afar with a +0 spear!
* * * LOW HITPOINT WARNING * * *
The quokka closely misses you. The gnoll closely misses you.
The quokka attacks as it pursues you!
The quokka bites you but does no damage.
The gnoll hits you from afar with a +0 halberd.
* * * LOW HITPOINT WARNING * * *
The gnoll hits you from afar with a +0 halberd.
* * * LOW HITPOINT WARNING * * *
The gnoll attacks as it pursues you! The gnoll hits you but does no damage.
The quokka closely misses you. The gnoll attacks as it pursues you!
The gnoll hits you from afar with a +0 halberd!
You die...

░....... ░░░░░░░░ ░░░
░.......
░......░░░.░░░†......
░░░░░..........░......░░░ .
░...░..............░░░░ ..
░.░.░..............░
░.░░░░░░░.░................░
░......░░.░░░..............░
.[...............░░........░
.........░░░░░░░.░░÷.......░
.........░░<░░░░p..░░░░░░░░░
.........░░..^.........░
.░░░░░'░░░░....gr......░
░.░░░░░...sgg.....░
░.....░....)......░
░░░░.░░...........░
░.<░........>..░
░..░...........░
░..░...........░
...░...........░
....░...........░


You could see a scorpion, 3 gnolls and a quokka.

Vanquished Creatures
  A gnoll bouda (D:3)
  An adder (D:2)
  A dart slug (D:2)
  2 ribbon worms
  4 endoplasms (D:2)
  2 goblins (D:1)
  2 hobgoblins
  2 jackals (D:3)
  6 kobolds
  2 quokkas
  4 ball pythons
  2 bats (D:2)
  A frilled lizard (D:3)
  4 rats
34 creatures vanquished.

Notes
Turn   | Place    | Note
-------+----------+-------------------------------------------
     0 | D:1      | utis the Demigod Gladiator began the quest for the Orb.
     0 | D:1      | Reached XP level 1. HP: 17/17 MP: 3/3
   374 | D:1      | Reached skill level 3 in Staves
   828 | D:2      | Reached XP level 2. HP: 24/24 MP: 4/4
  1139 | D:2      | Reached XP level 3. HP: 27/29 MP: 5/5
  1310 | D:2      | Reached skill level 4 in Staves
  2132 | D:3      | Noticed a scorpion
  2150 | D:3      | Slain by a gnoll

Illustrated notes

Levels and vault maps discovered:
D:1:      minmay_arrival_solitary_statue, layout_loops_cross
D:2:      layout_loops_ring, basic_altar
D:3:      layout_basic, mainiacjoe_overflow_alcove_3, nicolae_grassy_gnolls

Skill      XL: |  1  2  3 |
---------------+----------+-----
Staves         | 3 4 |  4.6
Fighting       | |  1.7
Throwing       | |  1.7
Dodging        | |  2.6

Action                     || total
---------------------------++-------
  Melee: Quarterstaff      ||   109
    Use: Scroll            ||     9
 Armour: Leather armour    ||     6
         Scale mail        ||    75
  Dodge: Dodged            ||    75
